Map: Overgrown Facility

Players

Michael

  • Race: Zerg Zerg
  • Spawn Location: 9:00

MonstroTown

  • Race: Terran Terran
  • Spawn Location: 7:00

IÐrA - Winner!

  • Race: Zerg Zerg
  • League: Master
  • Spawn Location: 3:00

FrancosgX - Winner!

  • Race: Protoss Protoss
  • League: Master
  • Spawn Location: 1:00

VOD

Have the link to the VOD?

Description

Time

  • Played on: Aug. 26, 2018, 7:40 p.m.
  • Length: 9:44
Show
View Real Time Build Order
Export as new Build Order

Michael Zerg 

Build Orders: Hatch First 

Get SALT Encoding   

  12  0:01  Drone  
  13  0:13  Overlord  
  13  0:18  Drone  
  14  0:31  Drone x2  
  14  0:34  Drone  
  17  0:55  Hatchery  
  16  0:58  Drone  
  16  1:01  Drone  
  18  1:07  Extractor  
  17  1:17  Spawning Pool  
  16  1:20  Drone  
  16  1:24  Drone  
  18  1:31  Drone  
  19  1:39  Drone  
  20  1:50  Overlord  
  20  2:05  Queen  
  20  2:07  Queen  
  24  2:08  Metabolic Boost  
  24  2:13  Zergling x2  
  24  2:14  Zergling x2  
  26  2:17  Zergling x2  
  26  2:21  Drone  
  28  2:25  Extractor  
  28  2:26  Drone  
  28  2:29  Drone  
  29  2:40  Roach Warren  
  28  2:48  Drone x2  
  28  2:50  Drone  
  31  2:57  Drone x2  
  32  3:02  Drone  
  32  3:05  Overlord  
  33  3:14  Lair  
  33  3:22  Evolution Chamber  
  33  3:23  Overlord  
  32  3:29  Overlord  
  32  3:32  Drone  
  32  3:34  Drone  
  34  3:36  Drone  
  34  3:39  Drone  
  36  3:41  Drone  
  37  3:48  Queen  
  39  3:59  Spore Crawler  
  39  4:01  Spore Crawler  
  23  4:12  Drone x4  
  23  4:13  Drone  
  23  4:17  Drone  
  29  4:25  Spore Crawler  
  29  4:28  Drone  
  29  4:31  Drone  
  30  4:35  Drone  
  30  4:37  Drone  
  32  4:43  Glial Reconstitution  
  32  4:51  Zerg Missile Weapons Level 1  
  30  4:54  Zergling x2  
  30  4:58  Zergling x2  
  30  4:59  Zergling x2  
  23  5:04  Zergling x2  
  18  5:10  Zergling x2  
  19  5:17  Zergling x2  
  20  5:31  Drone  
  20  5:32  Drone  
  20  5:33  Drone  
  19  6:02  Drone x3  
  17  6:28  Hatchery  
  16  6:36  Drone  
  16  6:37  Drone x2  
  19  6:44  Hatchery  
  18  6:52  Zerg Ground Armor Level 1  
  18  6:56  Drone  
  18  7:00  Drone  
  20  7:18  Drone  
  20  7:19  Drone x2  
  23  7:27  Drone  
  24  7:35  Drone  
  25  7:38  Drone  
  25  7:39  Drone x2  
  25  7:41  Queen  
  30  7:47  Queen  
  30  7:49  Drone x2  
  34  7:51  Drone  
  34  7:55  Queen  
  37  8:01  Drone  
  37  8:02  Drone x2  
  38  8:12  Roach  
  29  8:14  Zergling x2  
  29  8:15  Zergling x2  
  18  8:21  Drone  
  18  8:26  Spore Crawler  
  14  8:27  Spore Crawler  
  14  8:28  Spore Crawler  
  14  8:31  Drone x2, Queen  
  16  8:43  Drone  
  16  8:45  Drone  
  18  8:53  Drone x6  
  24  9:04  Hatchery  
  24  9:06  Drone  
  24  9:07  Drone  
  25  9:14  Drone x3  
  25  9:16  Drone  
  28  9:17  Drone  
  28  9:23  Drone  
Show
View Real Time Build Order
Export as new Build Order

MonstroTown Terran 

Build Orders: Reaper Expand 

Get SALT Encoding   

  12  0:01  SCV  
  13  0:13  SCV  
  14  0:19  Supply Depot  
  14  0:25  SCV  
  15  0:40  SCV  
  15  0:42  Barracks  
  16  0:47  Refinery  
  16  0:54  SCV  
  17  1:06  SCV  
  18  1:27  Command Center  
  18  1:34  Reaper  
  19  1:42  Orbital Command  
  19  1:56  Barracks  
  19  2:07  Barracks Reactor  
  20  2:15  SCV  
  20  2:27  SCV  
  21  2:39  Factory, SCV  
  21  2:52  SCV  
  22  3:01  Refinery  
  22  3:03  Orbital Command  
  22  3:05  SCV  
  23  3:09  Barracks Tech Lab  
  23  3:10  Marine x2  
  25  3:17  SCV  
  26  3:25  Factory Tech Lab  
  26  3:27  Engineering Bay, Starport  
  26  3:29  SCV, Marine  
  26  3:30  Marine  
  29  3:37  SCV  
  30  3:41  SCV, Refinery  
  31  3:53  Barracks  
  31  3:56  Engineering Bay, SCV x2  
  33  4:06  Viking  
  35  4:10  SCV x2  
  37  4:20  Missile Turret  
  37  4:29  Missile Turret  
  37  4:35  Terran Infantry Armor Level 1, Terran Infantry Weapons Level 1  
  37  4:38  Marine  
  38  5:02  Supply Depot  
  38  5:04  Supply Depot  
  38  5:16  Marine  
  38  5:19  Marine  
  38  5:20  Marine  
  38  5:21  SCV  
  38  5:22  Marine  
  38  5:24  Siege Tank, SCV  
  40  5:30  Starport Reactor  
  40  5:34  SCV, Supply Depot, Marine  
  42  5:36  SCV  
  42  5:38  Marine  
  42  5:40  Marine  
  42  5:41  Barracks Reactor  
  45  5:46  SCV  
  45  5:48  Barracks  
  45  5:49  Stimpack  
  46  5:52  Marine, Barracks  
  46  5:54  SCV  
  47  6:09  Marine  
  47  6:10  Marine x2  
  50  6:13  Siege Tank  
  53  6:20  Medivac x2  
  57  6:34  Marine x3  
  57  6:35  Marine  
  57  6:38  Marine  
  62  6:53  Armory  
  62  6:57  Refinery  
  62  7:00  Supply Depot  
  62  7:01  Supply Depot  
  62  7:21  SCV x2, Viking x2, Marine x3  
  62  7:22  Marine x2  
  70  7:39  Marine x2  
  72  7:46  Marine  
  72  7:47  Marine x2  
  75  7:56  Barracks Reactor  
  75  8:04  Barracks Reactor  
  75  8:10  Viking  
  75  8:11  Marine  
  78  8:55  Supply Depot x2  
  78  9:06  SCV  
  78  9:08  Marine  
  78  9:10  Marine  
  78  9:11  Marine x3  
  78  9:12  SCV, Marine x2  
  78  9:13  Marine  
  78  9:16  Marine  
  71  9:18  SCV  
Show
View Real Time Build Order
Export as new Build Order

IÐrA Zerg - Winner!

Build Orders: Pool First, Muta Ling Bane 

Get SALT Encoding   

  12  0:01  Drone  
  13  0:08  Drone  
  14  0:20  Overlord  
  14  0:25  Extractor  
  14  0:26  Drone  
  15  0:39  Drone  
  15  0:40  Drone  
  17  0:51  Spawning Pool  
  17  0:53  Drone  
  17  0:57  Extractor  
  17  1:02  Overlord  
  16  1:09  Drone  
  17  1:18  Drone  
  18  1:28  Drone  
  19  2:10  Queen  
  19  2:11  Metabolic Boost  
  21  2:18  Hatchery  
  21  2:21  Drone x3  
  22  2:45  Drone x2  
  23  3:00  Zergling x2  
  24  3:11  Zergling x2  
  25  3:17  Baneling Nest  
  24  3:21  Zergling x4  
  24  3:22  Zergling x4  
  28  3:33  Drone  
  29  3:34  Zergling x2  
  29  3:38  Queen  
  32  3:44  Zergling x4  
  34  3:52  Overlord  
  34  3:53  Overlord  
  34  3:55  Zergling x4  
  34  4:11  Drone x3  
  37  4:20  Lair  
  37  4:23  Drone x2  
  37  4:24  Drone x3  
  42  4:30  Overlord, Hatchery  
  41  4:38  Drone x2  
  43  4:51  Drone  
  43  4:52  Drone x4  
  48  4:57  Drone x3  
  48  4:58  Drone  
  51  5:18  Extractor x2, Drone x3  
  49  5:33  Zergling x2  
  49  5:34  Zergling x4  
  51  5:38  Extractor  
  51  5:40  Spire  
  51  5:41  Drone x2  
  51  5:42  Drone  
  52  5:43  Drone x2  
  52  5:49  Drone x4  
  58  5:51  Queen  
  60  6:08  Drone x5  
  65  6:11  Baneling  
  65  6:12  Baneling x6  
  65  6:13  Baneling x4  
  65  6:15  Baneling x3  
  65  6:17  Centrifical Hooks  
  65  6:20  Overlord x2  
  65  6:23  Overlord  
  65  6:33  Extractor  
  65  6:35  Extractor  
  63  6:43  Drone  
  63  6:44  Drone x10  
  74  7:05  Mutalisk x4  
  82  7:13  Overlord x2  
  82  7:21  Overlord x2  
  82  7:22  Overlord  
  82  7:33  Drone x4  
  82  7:34  Overlord  
  82  7:35  Overlord  
  86  7:38  Mutalisk x3  
  86  7:39  Mutalisk x2  
  96  7:52  Mutalisk  
  96  7:53  Mutalisk x3  
  96  7:54  Zergling x10  
  96  7:55  Zergling x2  
  104  8:18  Mutalisk  
  104  8:19  Mutalisk x3  
  105  8:31  Zergling x2  
  105  8:32  Zergling x20  
  105  8:33  Extractor  
  105  8:34  Hatchery  
  114  8:37  Extractor  
  113  8:53  Drone x3  
  114  9:11  Mutalisk  
  114  9:12  Mutalisk x6  
Show
View Real Time Build Order
Export as new Build Order

FrancosgX Protoss - Winner!

Build Orders: Oracle Opening, Phoenix Opening 

Get SALT Encoding   

  12  0:02  Probe  
  14  0:14  Probe  
  14  0:22  Pylon  
  14  0:26  Probe  
  15  0:39  Probe  
  16  0:47  Probe, Gateway  
  16  0:55  Probe  
  17  1:01  Assimilator  
  17  1:03  Assimilator  
  18  1:07  Probe  
  19  1:17  Probe  
  20  1:25  Probe  
  20  1:29  Pylon  
  21  1:33  Probe  
  21  1:34  Cybernetics Core  
  22  1:48  Probe  
  23  2:12  Warp Gate  
  23  2:13  Stalker  
  25  2:16  Stargate  
  25  2:28  Nexus  
  25  2:35  Probe  
  26  2:51  Stalker, Oracle  
  28  3:00  Shield Battery  
  31  3:12  Pylon  
  31  3:23  Phoenix  
  31  3:30  Probe, Stalker  
  36  3:36  Probe  
  36  3:37  Assimilator  
  37  3:42  Probe  
  37  3:44  Probe  
  37  3:45  Phoenix  
  38  3:54  Probe x2  
  43  4:08  Probe  
  43  4:12  Probe  
  43  4:14  Phoenix  
  43  4:16  Probe  
  48  4:24  Pylon  
  48  4:25  Probe  
  48  4:26  Probe  
  48  4:31  Phoenix  
  50  4:32  Forge  
  50  4:37  Probe  
  50  4:38  Probe  
  54  4:46  Pylon  
  54  4:50  Probe  
  54  4:51  Probe  
  56  5:02  Probe  
  56  5:04  Probe  
  56  5:07  Assimilator, Phoenix  
  58  5:09  Protoss Shields Level 1, Pylon  
  60  5:14  Probe  
  60  5:20  Protoss Air Weapons Level 1  
  61  5:33  Probe  
  61  5:34  Probe  
  63  5:36  Phoenix  
  63  5:39  Stargate  
  65  5:45  Probe, Cybernetics Core  
  65  5:46  Probe  
  65  5:47  Photon Cannon  
  65  5:49  Photon Cannon  
  67  6:09  Phoenix  
  67  6:10  Probe  
  67  6:11  Probe  
  71  6:20  Sentry  
  71  6:23  Nexus  
  73  6:26  Pylon  
  73  6:28  Pylon  
  73  6:33  Pylon  
  73  6:37  Fleet Beacon  
  73  6:38  Probe x2  
  75  6:42  Pylon  
  75  6:50  Probe x2  
  75  6:53  Phoenix x2  
  81  6:57  Protoss Air Armor Level 1  
  81  7:02  Probe x2  
  81  7:07  Photon Cannon  
  83  7:17  Probe x2  
  85  7:29  Photon Cannon, Probe x2  
  85  7:31  Photon Cannon  
  85  7:33  Photon Cannon  
  85  7:34  Photon Cannon  
  85  7:37  Photon Cannon  
  85  7:44  Anion Pulse-Crystals, Probe  
  85  7:47  Twilight Council  
  85  7:48  Probe  
  85  7:50  Probe  
  88  7:53  Assimilator  
  88  7:55  Assimilator  
  88  7:59  Photon Cannon  
  88  8:08  Probe  
  88  8:09  Probe  
  90  8:23  Phoenix x2  
  94  8:45  Stargate  
  94  8:48  Stargate, Pylon  
  94  8:52  Photon Cannon  
  94  8:57  Shield Battery  
  94  8:58  Shield Battery x2  
  94  8:59  Shield Battery  
  94  9:01  Photon Cannon  
  94  9:02  Photon Cannon  
  94  9:06  Photon Cannon  
  94  9:07  Photon Cannon  
  94  9:08  Photon Cannon  
  94  9:10  Shield Battery  
  94  9:12  Shield Battery  
  94  9:13  Pylon  
  94  9:16  Pylon  
  94  9:20  Pylon  
Tags
 
Add a new tag
Caveats
  • Supply blocks, unpowered buildings, or Contaminate may cause inaccurate times.
  • Supply counts are checked every 10 seconds.